 Dungeon Crawl Stone Soup version 0.26-a0-519-gb2f46efeda (webtiles) character file.

Game seed: 6109951548822610363

462 KristoblXynda the Conjurer (level 6, -6/32 HPs)
             Began as a Deep Elf Conjurer on Aug 11, 2020.
             Killed by divine providence
             ... invoked by an orc priest
              (13 damage)
             ... on level 5 of the Dungeon.
             The game lasted 00:05:55 (3573 turns).

KristoblXynda the Conjurer (Deep Elf Conjurer)      Turns: 3573, Time: 00:05:56

Health: -6/32      AC:  4    Str:  4    XL:     6   Next: 79%
Magic:  6/17       EV: 13    Int: 25    God:
Gold:   216        SH:  0    Dex: 13    Spells: 12/17 levels left

rFire    . . .     SeeInvis .   j - +6 whip
rCold    . . .     Faith    .   (no shield)
rNeg     . . .     Spirit   .   a - +0 robe
rPois    .         Reflect  .   u - +0 helmet
rElec    .         Harm     .   i - +0 cloak (curse)
rCorr    .                      (no gloves)
MR       .....                  (no boots)
Stlth    +++.......             (no amulet)
HPRegen  0.10/turn              (no ring)
MPRegen  0.15/turn              (no ring)

@: no status effects
A: no striking features
a: no special abilities


You were on level 5 of the Dungeon.
You visited 1 branch of the dungeon, and saw 5 of its levels.

You collected 216 gold pieces.

Inventory:

Hand Weapons
 j - a +6 whip (weapon)
Armour
 a - a +0 robe (worn)
 i - a cursed +0 cloak (worn)
 u - a +0 helmet (worn)
Jewellery
 n - an uncursed amulet of magic regeneration {unknown}
 p - an uncursed ring of magical power {unknown}
Wands
 v - a wand of iceblast (5)
Scrolls
 b - a scroll of enchant armour {unknown}
 c - 2 scrolls of fog {unknown}
 f - 2 scrolls of identify {unknown}
 g - 2 scrolls of teleportation {unknown}
 k - a scroll of immolation {unknown}
 m - a scroll of blinking {unknown}
 o - a scroll of remove curse {unknown}
 r - a scroll of fear {unknown}
 w - a scroll of random uselessness {unknown}
Potions
 d - 2 potions of heal wounds {unknown}
 e - a potion of brilliance {unknown}
 h - a potion of berserk rage {unknown}
 l - 4 potions of curing {unknown}
 q - a potion of haste {unknown}
 s - a potion of degeneration {unknown}
 t - a potion of stabbing {unknown}


   Skills:
 + Level 3.4 Dodging
 - Level 5.2 Stealth
 + Level 6.1 Spellcasting
 + Level 6.3 Conjurations


You had 12 spell levels left.
You knew the following spells:

 Your Spells              Type           Power        Failure   Level
a - Magic Dart            Conj           ####         1%          1
b - Iskenderun's Mystic   Conj/Tloc      ###.....     21%         4

Your spell library contained the following spells:

 Spells                   Type           Power        Failure   Level
 Searing Ray              Conj           #####.       1%          2
 Dazzling Flash           Conj/Hex       ###...       6%          3
 Fulminant Prism          Conj/Hex       ###.......   21%         4


Dungeon Overview and Level Annotations

Branches:
Dungeon (4/15)
 Temple: D:4-7

Altars:
Gozag
Xom


Message History

An orc wizard comes into view. It is wielding a -1 dagger.
An orc comes into view.
The orc priest calls down the wrath of Beogh upon you.
Beogh smites you!
* * * LOW HITPOINT WARNING * * *
The orc priest looks encouraged for a moment.
You hear a shout!
Evoke which item? (* to show all) (? for menu, Esc to quit)
Aiming: Iceblast
Press: ? - help, Shift-Dir - straight line, f/p - orc priest
Aim: an orc priest, wearing a +0 ring mail (heavily wounded)
The mass of ice explodes!
The iceblast engulfs the orc priest!
You kill the orc priest!
The iceblast engulfs the orc priest!
The orc priest is severely wounded.
The orc throws a boomerang.
The boomerang closely misses you.
The weapon returns to the orc!
The orc priest invokes the aid of Beogh against you.
Beogh smites you!
You die...

##### ##### ...# #...#
###.#######...######
#...................
###.#.#@#######...######
#....[..# #.....#
#.###o#.# ##...## #.#.#
##.## #.#.# #.# .)#.#
#.# ..o.# #+# #.#..# .o
.#


You could see an orc priest and an orc.

Vanquished Creatures
  Eustachio (D:5)
  A phantom (D:4)
  An orc priest (D:5)
  An orc wizard (D:3)
  4 adders
  4 gnolls (D:3)
  A white imp (D:5)
  An ooze (D:1)
  3 worms
  3 dart slugs
  3 leopard geckos
  7 orcs
  2 giant cockroaches
  7 goblins
  11 hobgoblins
  A quokka (D:3)
  A ball python (D:2)
  8 bats
  A frilled lizard (D:2)
  7 kobolds
  A quokka skeleton (D:5)
  6 rats
75 creatures vanquished.

Vanquished Creatures (others)
  4 toadstools (D:1)
4 creatures vanquished.

Grand Total: 79 creatures vanquished

Notes
Turn   | Place    | Note
-------+----------+-------------------------------------------
     0 | D:1      | KristoblXynda the Deep Elf Conjurer began the quest for the
                  | Orb.
     0 | D:1      | Reached XP level 1. HP: 10/10 MP: 6/6
   148 | D:1      | Reached XP level 2. HP: 15/15 MP: 5/8
   516 | D:1      | Reached XP level 3. HP: 19/19 MP: 8/10
  1569 | D:3      | Reached skill level 5 in Conjurations
  1714 | D:3      | Reached XP level 4. HP: 24/24 MP: 7/12
  1897 | D:3      | Reached XP level 5. HP: 28/28 MP: 4/14
  2429 | D:3      | Learned a level 4 spell: Iskenderun's Mystic Blast
  2747 | D:3      | Reached skill level 5 in Spellcasting
  2977 | D:4      | Noticed a phantom
  2985 | D:4      | Killed a phantom
  2985 | D:4      | Reached skill level 5 in Stealth
  2985 | D:4      | Reached XP level 6. HP: 32/32 MP: 8/16
  3187 | D:4      | You fall into a shaft and drop 1 floor!
  3187 | D:5      | Entered Level 5 of the Dungeon
  3212 | D:5      | Found an opulent altar of Gozag.
  3267 | D:5      | Noticed Eustachio
  3276 | D:5      | Killed Eustachio
  3396 | D:5      | Found a shimmering altar of Xom.
  3573 | D:5      | Killed from afar by an orc priest

Illustrated notes

Levels and vault maps discovered:
D:1:      ldierk_walled_garden_2, layout_loops_ring
D:2:      layout_rooms, serial_park_tiny_2
D:3:      layout_basic, kennysheep_generic_room_8
D:4:      layout_loops_cross, kennysheep_mini_moat,
          nicolae_overflow_hidden_temple
D:5:      layout_loops_corners, basic_altar, grunt_gozag_breadcrumbs,
          uniq_eustachio

Skill      XL: |  1  2  3  4  5  6 |
---------------+-------------------+-----
Stealth        | 3 4 5 |  5.2
Spellcasting   | 4 5 6 |  6.1
Conjurations   | 5 6 |  6.3
Dodging        | 3 |  3.4

Action                   |  1- 3 |  4- 6 || total
-------------------------+-------+-------++-------
Melee: Whip              |       |     1 ||     1
 Cast: Magic Dart        |    73 |    96 ||   169
Evoke: Wand              |       |     2 ||     2
Armor: Robe              |     2 |     1 ||     3
Dodge: Dodged            |     7 |     8 ||    15

Table legend: (Time is in decaauts)
 A = Elapsed time spent in this place.
 B = Non-inter-level travel time spent in this place.
 C = Inter-level travel time spent in this place.
 D = Time resting spent in this place.
 E = Time spent auto-exploring this place.
 F = Levels seen in this place.
 G = Mean time per level.
                   A        B        C        D        E       F      G
               +--------+--------+--------+--------+--------+-----+--------+
         Total |   3572 |   3475 |     97 |    994 |   2121 |   5 |  714.4 |
       Dungeon |   3572 |   3475 |     97 |    994 |   2121 |   5 |  714.4 |
               +--------+--------+--------+--------+--------+-----+--------+

Top non-repeatable levels by time:
     D:3: 1352 daAuts
     D:1: 994 daAuts
     D:2: 570 daAuts
     D:5: 385 daAuts
     D:4: 268 daAuts
